 Dungeon Sprint DCSS version 0.21.2 (webtiles) character file.

7691 Fang the Severer (level 11, -1/80 HPs)
             Began as a Gargoyle Berserker on Jan 18, 2019.
             Was the Champion of Trog.
             Killed by divine providence
             ... invoked by a smoke demon
              (11 damage)
             ... in the Dungeon (Sprint VII: "The Pits").
             The game lasted 00:07:56 (1949 turns).

Fang the Severer (Gargoyle Berserker)               Turns: 1949, Time: 00:07:56

Health: -1/80      AC: 26    Str: 24    XL:     11   Next: 19%
Magic:  3/3        EV: 16    Int:  8    God:    Trog [******]
Gold:   0          SH:  0    Dex:  9    Spells: 10/10 levels left

rFire    . . .     SeeInvis .   n - +2 war axe (antimagic)
rCold    . . .     Gourm    .   (no shield)
rNeg     + . .     Faith    .   t - +3 plate armour
rPois    ∞         Spirit   .   (no helmet)
rElec    +         Reflect  .   (no cloak)
rCorr    .         Harm     .   (no gloves)
MR       .....     NoTele   +   (no boots)
Stlth    ..........             (no amulet)
HPRegen  0.23/turn              o - +3 ring of evasion
MPRegen  0.08/turn              r - +3 ring of evasion

@: no status effects
A: negative energy resistance 1, electricity resistance, unbreathing,
petrification resistance, rot immunity, AC +8
a: Berserk, Trog's Hand, Brothers in Arms, Burn Spellbooks, Renounce Religion


You were in the Dungeon.
You worshipped Trog.
Trog was exalted by your worship.
You were very hungry.

You visited 1 branch

Inventory:

Hand Weapons
 b - a +4 battleaxe of chopping
 j - a +2 antimagic battleaxe
 m - a +2 battleaxe of flaming
 n - a +2 antimagic war axe (weapon)
 s - a +1 broad axe of chopping
Armour
 t - a +3 plate armour (worn)
Jewellery
 o - a +3 ring of evasion (left hand)
 r - a +3 ring of evasion (right hand)
Scrolls
 i - a scroll of blinking
 k - 3 scrolls of remove curse
 l - a scroll of summoning
Potions
 a - 2 potions of invisibility
 d - 6 potions of curing
 e - 14 potions of heal wounds
 f - 2 potions of haste
 g - 4 potions of magic
 h - 3 potions of berserk rage
 p - 2 potions of agility
 q - a potion of might
Comestibles
 c - 8 rations


   Skills:
 + Level 14.6 Fighting
 + Level 16.8 Axes
 + Level 11.2 Armour
 + Level 6.7 Dodging
 + Level 3.3 Stealth


You had 10 spell levels left.
You didn't know any spells.

Dungeon Overview and Level Annotations

Branches:
Dungeon (1/1)

Altars:
Gozag
Hepliaklqana
Sif Muna
Trog
Jiyva

Annotations:
D Jessica


Innate Abilities, Weirdness & Mutations

You are resistant to torment.
Your stone body is resilient. (AC +8)
You are immune to poison.
You resist negative energy. (rN+)
You are resistant to electric shocks. (rElec)
You can survive without breathing.
You are immune to petrification.
You are immune to rotting.


Message History

Your deep troll bites the warg!
The warg dies!
Trog accepts your kill.
Unknown command.
You slash the anaconda!
The anaconda is heavily wounded.
The anaconda grabs you.
The anaconda bites you but does no damage.
The anaconda constricts you.
Your deep troll closely misses the sea snake.
Your deep troll claws the sea snake!!
Your deep troll closely misses the sea snake.
The anaconda bites you!
* * * LOW HITPOINT WARNING * * *
x2 The anaconda constricts you.
You escape the anaconda's grasp.
You are feeling very hungry.
The smoke demon gestures at you. Something smites you!
You die...

# ##### ######
###...###..+...# .
.##...##..##...### ..
..##'##..###...+.## ...
).........##...#..## ...#
.###'###...##'##...###h..##
##.....##..#...#...#YYY3...
'.......'..)..)'.SThY.h@...
##.....##..#÷..#@.S#)ggh...
.###'###...##+##...###.y.##
÷.........## #..## h..#
..##÷##..## +.## ...
.##...##..# ### ..
###...###..+ . ##### ###


You could see a sea snake, an anaconda, 4 yaks, a smoke demon, 3 wolves, Jessica
and a friendly deep troll (berserk).

Vanquished Creatures
  Josephine (D)
  A great orb of eyes (D)
  A death yak (D)
  A flayed ghost (D)
  A swamp dragon (D)
  An ugly thing (D)
  An elephant (D)
  A molten gargoyle (D)
  A smoke demon (D)
  An ice devil (D)
  A red devil (D)
  A tyrant leech (D)
  A flying skull (D)
  An air elemental (D)
  4 wraiths (D)
  A basilisk (D)
  2 steam dragons (D)
  2 hungry ghosts (D)
  2 vampire mosquitoes (D)
  A warg (D)
  2 water moccasins (D)
  A floating eye (D)
  An ice beast (D)
  A sky beast (D)
  An eye of draining (D)
  A killer bee (D)
  A hound (D)
  2 jellies (D)
  A gnoll shaman (D)
  An orc wizard (D)
  A worker ant (D)
  6 gnolls (D)
  An adder (D)
  An ufetubus (D)
  An orc (D)
  A giant cockroach (D)
  A quokka (D)
  2 ball pythons (D)
  A quokka zombie (D)
  2 rats (D)
55 creatures vanquished.

Vanquished Creatures (collateral kills)
  A warg (D)
1 creature vanquished.

Grand Total: 56 creatures vanquished

Notes
Turn   | Place    | Note
-------+----------+-------------------------------------------
     0 | D        | Fang the Gargoyle Berserker began the quest for the Orb.
     0 | D        | Reached XP level 1. HP: 14/14 MP: 1/1
    22 | D        | Reached skill level 3 in Axes
    27 | D        | Found a bloodstained altar of Trog.
    27 | D        | Found a deep blue altar of Sif Muna.
    27 | D        | Found a viscous altar of Jiyva.
    27 | D        | Found a hazy altar of Hepliaklqana.
    27 | D        | Found an opulent altar of Gozag.
    63 | D        | Noticed a worker ant
    71 | D        | Killed a worker ant
    71 | D        | Reached skill level 5 in Fighting
    71 | D        | Reached skill level 4 in Axes
    71 | D        | Reached XP level 2. HP: 10/21 MP: 2/2
    71 | D        | Reached XP level 3. HP: 12/26 MP: 3/3
    72 | D        | Reached ** piety under Trog
   301 | D        | Noticed a sky beast
   303 | D        | Reached *** piety under Trog
   314 | D        | Killed a sky beast
   314 | D        | Reached skill level 6 in Axes
   314 | D        | Reached XP level 4. HP: 19/34 MP: 4/4
   314 | D        | Reached XP level 5. HP: 22/38 MP: 5/5
   682 | D        | Noticed a warg
   682 | D        | Noticed a water moccasin
   683 | D        | Noticed a flying skull
   688 | D        | Killed a flying skull
   688 | D        | Reached **** piety under Trog
   688 | D        | Reached skill level 8 in Axes
   688 | D        | Reached skill level 5 in Armour
   688 | D        | Reached skill level 1 in Stealth
   688 | D        | Reached XP level 6. HP: 45/45 MP: 6/6
   690 | D        | Killed a water moccasin
   691 | D        | Reached skill level 9 in Axes
   694 | D        | Reached XP level 7. HP: 51/51 MP: 7/7
   695 | D        | Killed a warg
   695 | D        | Reached skill level 5 in Dodging
   696 | D        | Reached ***** piety under Trog
   763 | D        | Reached skill level 10 in Fighting
   788 | D        | Received a gift from Trog
   788 | D        | Reached skill level 10 in Axes
   820 | D        | Noticed a vampire mosquito
   820 | D        | Noticed a vampire mosquito
   820 | D        | Noticed a death yak
   825 | D        | Killed a vampire mosquito
   825 | D        | Reached XP level 8. HP: 59/59 MP: 2/8
   830 | D        | Killed a death yak
   830 | D        | Reached skill level 12 in Axes
  1026 | D        | Noticed a molten gargoyle
  1027 | D        | Noticed an elephant
  1032 | D        | Killed an elephant
  1032 | D        | Reached XP level 9. HP: 65/65 MP: 3/9
  1036 | D        | Killed a molten gargoyle
  1036 | D        | Reached skill level 13 in Axes
  1046 | D        | Noticed a flayed ghost
  1046 | D        | Noticed an ice devil
  1054 | D        | Killed a flayed ghost
  1054 | D        | Reached ****** piety under Trog
  1054 | D        | Received a gift from Trog
  1054 | D        | Reached skill level 14 in Axes
  1062 | D        | Killed an ice devil
  1066 | D        | Noticed a swamp dragon
  1075 | D        | Killed a swamp dragon
  1075 | D        | Reached XP level 10. HP: 54/72 MP: 3/10
  1210 | D        | Paralysed by fainting for 7 turns
  1218 | D        | Paralysed by fainting for 6 turns
  1258 | D        | Received a gift from Trog
  1258 | D        | Reached skill level 15 in Axes
  1452 | D        | Noticed a white ugly thing
  1452 | D        | Noticed a smoke demon
  1459 | D        | Killed a smoke demon
  1459 | D        | Killed a white ugly thing
  1459 | D        | Reached skill level 10 in Armour
  1691 | D        | Noticed Josephine
  1696 | D        | Killed Josephine
  1699 | D        | Reached skill level 16 in Axes
  1701 | D        | Received a gift from Trog
  1706 | D        | Reached XP level 11. HP: 80/80 MP: 11/11
  1747 | D        | Noticed a great orb of eyes
  1755 | D        | Killed a great orb of eyes
  1758 | D        | Received a gift from Trog
  1925 | D        | Noticed Jessica
  1926 | D        | Noticed an anaconda
  1927 | D        | Noticed a sea snake
  1949 | D        | Killed from afar by a smoke demon

Skill      XL: |  1  2  3  4  5  6  7  8  9 10 11 |
---------------+----------------------------------+-----
Axes           | 4 6 8 9 10 12 14 16 | 16.8
Fighting       | 5 7 8 9 10 11 12 14 | 14.6
Dodging        | 2 3 4 5 6 |  6.7
Armour         | 4 5 6 8 9 10 11 | 11.2
Stealth        | 1 2 3 |  3.3

Action                   |  1- 3 |  4- 6 |  7- 9 | 10-12 || total
-------------------------+-------+-------+-------+-------++-------
Melee: Hand axe          |    38 |    10 |    22 |       ||    70
       Battleaxe         |       |       |    47 |    25 ||    72
       Broad axe         |       |       |       |    44 ||    44
       War axe           |       |       |       |    18 ||    18
Invok: Berserk           |     1 |     1 |     1 |     2 ||     5
       Brothers in Arms  |       |       |       |     1 ||     1
  Eat: Chunk             |       |       |     3 |     4 ||     7
       Ration            |       |       |       |     1 ||     1
Armor: Animal skin       |     5 |       |       |       ||     5
       Plate armour      |       |    13 |    56 |    78 ||   147
Dodge: Dodged            |    30 |     7 |    32 |    84 ||   153
